 Dungeon Crawl Stone Soup version 0.26.1-11-gd32895ea62 (webtiles) character file.

Game seed: 10702768375344969279

1139 Borgoz the Skirmisher (level 8, -2/52 HPs)
             Began as a Gargoyle Berserker on July 6, 2021.
             Was a Priest of Trog.
             Slain by an orc
             ... wielding a +0 flail
              (3 damage)
             ... on level 5 of the Dungeon.
             The game lasted 00:05:29 (5546 turns).

Borgoz the Skirmisher (Gargoyle Berserker)          Turns: 5546, Time: 00:05:30

Health: -2/52      AC: 10    Str: 22    XL:     8   Next: 37%
Magic:  8/8        EV: 13    Int:  7    God:    Trog [***...]
Gold:   342        SH:  0    Dex: 11    Spells: 7/7 levels left

rFire    . . .     SeeInvis .   a - +1 mace
rCold    . . .     Faith    .   (no shield)
rNeg     + . .     Spirit   .   b - +0 animal skin
rPois    ∞         Reflect  .   (no helmet)
rElec    +         Harm     .   (no cloak)
rCorr    .         Rampage  .   (no gloves)
Will     ++...                  f - +1 pair of boots
Stlth    +.........             (no amulet)
HPRegen  1.17/turn              h - -4 ring of slaying (curse)
MPRegen  0.11/turn              (no ring)

@: berserk cooldown, regenerating, slowed, very slow
A: negative energy resistance 1, electricity resistance, unbreathing,
petrification resistance, miasma immunity, AC +5
a: Renounce Religion, Berserk, Trog's Hand


You were on level 5 of the Dungeon.
You worshipped Trog.
Trog was most pleased with you.
You visited 1 branch of the dungeon, and saw 5 of its levels.
You also visited: Ossuary.

You collected 449 gold pieces.
You spent 107 gold pieces at shops.

Inventory:

Hand Weapons
 a - a +1 mace (weapon)
Armour
 b - a +0 animal skin (worn)
 f - a +1 pair of boots (worn)
Jewellery
 h - a cursed -4 ring of slaying (left hand)
Wands
 k - a wand of iceblast (8)
Scrolls
 e - a scroll of teleportation
 j - 4 scrolls of fog
Potions
 c - 2 potions of invisibility
 d - a potion of flight
 g - a potion of attraction {unknown}
 i - 3 potions of curing
 l - a potion of might {unknown}
 n - a potion of cancellation {unknown}


   Skills:
 * Level 6.5 Fighting
 * Level 6.0 Maces & Flails
 * Level 5.9 Armour
 + Level 3.3 Dodging


You had 7 spell levels left.
You didn't know any spells.
Your spell library was empty.

Dungeon Overview and Level Annotations

Branches:
Dungeon (5/15)            Ossuary (visited)
 Temple: D:4-7

Altars:
Okawaru
Vehumet
Wu Jian
The Shining One

Shops:
D:4 *(   D:5 *

Annotations:
D:4 Grinder


Innate Abilities, Weirdness & Mutations

You are resistant to torment.
Your stone body is resilient. (AC +5)
You are immune to poison.
You resist negative energy. (rN+)
You are resistant to electric shocks. (rElec)
You can survive without breathing.
You are immune to petrification.
You are immune to miasma.


Message History

The phantom closely misses you. The orc hits you with a +0 flail.
* * * LOW HITPOINT WARNING * * *
The phantom barely misses you. The wight hits you but does no damage.
The phantom hits you but does no damage.
You completely miss the phantom.
The phantom is moderately damaged.
The phantom hits you.
* * * LOW HITPOINT WARNING * * *
The phantom blinks!
You closely miss the orc. The orc closely misses you.
The wight barely misses you.
Okay, then.
Your skin crawls.
You feel strong-willed. The orc barely misses you.
The wight hits you from afar with a cursed +7 halberd!
* * * LOW HITPOINT WARNING * * *
The orc hits you with a +0 flail.
You die...

#.#.## #.# ..
#....####.####.##
###.####..............#
..#... .....###.#######
#.#..# #...# #.#
#.##.####..^###.####
#.##..#.#..........#
#.##..#.#....##.##.#
#.......#..))##@# .#
#.##.........##o##.#
#.####..#.#..oWzo#.######
##.# #.......##goZ.......
...# #....#..####..#.###
...# #........# #..# ..##
#...>#...# #.)# ..#
#..........))......# ..#
#..............###.#


You could see a phantom, a wight, a gnoll, 3 orcs and a centaur skeleton.

Vanquished Creatures
  An ice beast (D:2)
  2 phantoms
  An elf zombie (D:4)
  2 wights (D:5)
  A howler monkey (D:4)
  A centaur zombie (Ossuary)
  A bullfrog zombie (D:2)
  3 hounds
  An orc priest (D:3)
  A bullfrog skeleton (D:4)
  Jessica (D:2)
  4 human skeletons (D:4)
  An iguana (D:4)
  2 worker ants
  4 big kobold zombies (Ossuary)
  2 mummies (Ossuary)
  6 adders
  3 gnolls (D:5)
  A white imp (D:5)
  An ooze (D:3)
  6 worms
  A leopard gecko (D:4)
  3 orcs (D:3)
  3 giant cockroaches
  A gnoll zombie (Ossuary)
  7 goblins
  8 hobgoblins
  3 jackals (D:1)
  3 kobolds (D:1)
  10 bats
  3 frilled lizards
  2 goblin zombies (Ossuary)
  3 hobgoblin zombies (Ossuary)
  An orc skeleton (D:4)
  3 orc zombies (Ossuary)
  6 rats
102 creatures vanquished.

Vanquished Creatures (others)
  A plant (D:4)
1 creature vanquished.

Grand Total: 103 creatures vanquished

Notes
Turn   | Place    | Note
-------+----------+-------------------------------------------
     0 | D:1      | Borgoz the Gargoyle Berserker began the quest for the Orb.
     0 | D:1      | Reached XP level 1. HP: 14/14 MP: 1/1
   227 | D:1      | Reached XP level 2. HP: 18/19 MP: 2/2
  1414 | D:2      | Reached XP level 3. HP: 24/24 MP: 3/3
  1475 | D:2      | Reached XP level 4. HP: 18/29 MP: 4/4
  1656 | D:2      | Noticed an ice beast
  1663 | D:2      | Killed an ice beast
  1664 | D:2      | Reached XP level 5. HP: 26/34 MP: 5/5
  1812 | D:2      | Noticed a phantom
  1864 | D:2      | Killed a phantom
  1865 | D:2      | Reached XP level 6. HP: 20/39 MP: 6/6
  2471 | D:2      | Reached ** piety under Trog
  2571 | D:2      | Noticed Jessica
  2591 | D:2      | Killed Jessica
  3074 | D:3      | Found a radiant altar of Vehumet.
  3092 | D:3      | Reached skill level 5 in Fighting
  3569 | D:3      | Found a glowing golden altar of the Shining One.
  3569 | D:3      | Found an iron altar of Okawaru.
  3570 | D:3      | Found an ornate altar of the Wu Jian Council.
  3831 | D:4      | Found Pean's Antique Weapon Emporium.
  3880 | D:4      | Reached XP level 7. HP: 36/44 MP: 7/7
  3898 | D:4      | Found a sand-covered staircase.
  3919 | D:4      | Reached skill level 5 in Maces & Flails
  3949 | Ossuary  | Entered an ossuary
  4045 | Ossuary  | Reached skill level 5 in Armour
  4316 | Ossuary  | Reached *** piety under Trog
  4793 | D:4      | Noticed Grinder
  5256 | D:4      | Reached XP level 8. HP: 48/51 MP: 8/8
  5280 | D:4      | Found Neiruluh's General Store.
  5300 | D:4      | Bought a scroll of identify for 20 gold pieces
  5385 | D:5      | Entered Level 5 of the Dungeon
  5385 | D:5      | Found Luerubb's Assorted Antiques.
  5393 | D:5      | Bought an inky potion for 27 gold pieces
  5393 | D:5      | Bought a scroll of identify for 60 gold pieces
  5546 | D:5      | HP: 1/52 [wight/cursed +7 halberd (13)]
  5546 | D:5      | Slain by an orc

Illustrated notes

Levels and vault maps discovered:
D:1:      saegor_arrival_simple_b, layout_basic
D:2:      layout_basic, hangedman_abyss_or_decor_lesser_grid,
          minmay_tree_intersection, uniq_jessica
D:3:      layout_loops_ring, fiery_altar_vehumet, gammafunk_temple_overflow_claw
D:4:      layout_rooms, serial_shops, kennysheep_little_box, shop_fountains,
          nicolae_shop_behind_doors, nicolae_shop_overgrown_old_shop,
          nicolae_ossuary_entry_catacombs, led_xom_imps, uniq_grinder
D:5:      layout_basic, ashenzari_altar_1, serial_shops, shop, shop,
          minmay_misc_feat_x

Skill      XL: |  1  2  3  4  5  6  7  8 |
---------------+-------------------------+-----
Fighting       | 4 5 6 |  6.5
Armour         | 3 4 5 |  5.9
Maces & Flails | 4 5 6 |  6.0
Dodging        | 2 3 |  3.3

Action                   |  1- 3 |  4- 6 |  7- 9 || total
-------------------------+-------+-------+-------++-------
Melee: Mace              |   108 |   165 |   263 ||   536
       Unarmed           |       |     5 |       ||     5
Invok: Berserk           |     1 |     4 |     5 ||    10
       Trog's Hand       |       |       |     2 ||     2
  Use: Scroll            |       |     9 |     3 ||    12
Armor: Animal skin       |    58 |    71 |   145 ||   274
Dodge: Dodged            |   124 |    97 |   279 ||   500
